 Dungeon Crawl Stone Soup version 0.29.0-11-gd7f09526c8 (webtiles) character file.

Game seed: 3069695255654860796

93 xian the Conjurer (level 4, -8/24 HPs)
             Began as a Tengu Conjurer on Sept 5, 2022.
             Killed by divine providence
             ... invoked by an orc priest
              (12 damage)
             ... on level 3 of the Dungeon.
             The game lasted 00:05:19 (2417 turns).

xian the Conjurer (Tengu Conjurer)                  Turns: 2417, Time: 00:05:19

Health: -8/24      AC:  3    Str:  7    XL:     4   Next: 62%
Magic:  1/9        EV: 12    Int: 21    God:
Gold:   161        SH:  0    Dex: 12    Spells: 2/8 levels left

rFire   . . .      SeeInvis .   l - +4 hand axe (elec)
rCold   . . .      Faith    .   (no shield)
rNeg    . . .      Spirit   .   a - +0 robe
rPois   .          Reflect  .   (helmet restricted)
rElec   .          Harm     .   h - +0 cloak
rCorr   .          Rampage  .   (no gloves)
Will    .....                   (boots unavailable)
Stlth   ++........              g - amulet of the acrobat
HPRegen 0.08/turn               (no ring)
MPRegen 0.11/turn               (no ring)

@: mighty
A: beak, talons 3
a: no special abilities


You were on level 3 of the Dungeon.
You visited 1 branch of the dungeon, and saw 3 of its levels.

You collected 161 gold pieces.

Inventory:

Hand Weapons
 l - a +4 hand axe of electrocution (weapon)
Armour
 a - a +0 robe (worn)
 h - a +0 cloak (worn)
Jewellery
 g - an amulet of the acrobat (around neck)
 j - a ring of poison resistance
Scrolls
 c - a scroll of fear {unknown}
 m - a scroll of vulnerability {unknown}
 n - 2 scrolls of enchant weapon {unknown}
Potions
 b - a potion of magic
 d - a potion of haste
 e - a potion of might
 f - 2 potions of curing {unknown}
 i - 3 potions of heal wounds {unknown}
 k - a potion of lignification {unknown}


   Skills:
 + Level 2.6 Dodging
 + Level 2.2 Stealth
 + Level 2.9 Spellcasting
 + Level 6.7 Conjurations


You had 2 spell levels left.
You knew the following spells:

 Your Spells              Type           Power      Damage    Failure   Level
a - Magic Dart            Conj           100%       1d8       1%          1
b - Searing Ray           Conj           62%        2d6       1%          2
c - Inner Flame           Hex/Fire       3%         N/A       38%         3

Your spell library contained the following spells:

 Spells                   Type           Power      Damage    Failure   Level
 Foxfire                  Conj/Fire      68%        2x1d7     3%          1
 Conjure Flame            Conj/Fire      17%        6-21      10%         3
 Dazzling Flash           Conj/Hex       34%        N/A       10%         3
 Flame Wave               Conj/Fire      17%        2d7       32%         4
 Fulminant Prism          Conj/Hex       8%         3d7       32%         4
 Iskenderun's Mystic Bla  Conj/Tloc      17%        2d5       32%         4
 Summon Forest            Summ/Tloc      1%         N/A       98%         5
 Eringya's Noxious Bog    Tmut/Pois      1%         N/A       100%        6
 Summon Hydra             Summ           1%         N/A       100%        7


Dungeon Overview and Level Annotations

Branches:
Dungeon (3/15)

Altars:


Innate Abilities, Weirdness & Mutations

You have a beak for a mouth.
You have claws for feet.


Message History

The orc wizard flickers and vanishes!
Deactivating autopickup; reactivate with Ctrl-A.
The orc priest hits you with a +0 short sword.
The orc priest hits you but does no damage.
Something unseen opens the door.
You closely miss the orc priest.
You peck the orc priest, but do no damage.
The orc priest is heavily wounded.
Something unseen opens the door.
The orc priest hits you with a +0 short sword.
Unknown command.
You hit the orc priest but do no damage.
You claw the orc priest.
You peck the orc priest, but do no damage.
The orc priest is severely wounded.
The orc priest hits you with a +0 short sword.
Unknown command.
You hit the orc priest but do no damage.
You peck the orc priest, but do no damage.
The orc priest is severely wounded.
The orc priest hits you with a +0 short sword.
Unknown command.
You hit the orc priest but do no damage.
You claw the orc priest, but do no damage.
Your peck misses the orc priest.
The orc priest is severely wounded.
The orc priest hits you with a +0 short sword.
* * * LOW HITPOINT WARNING * * *
The orc priest hits you with a +0 short sword.
* * * LOW HITPOINT WARNING * * *
Okay, then.
You feel very mighty all of a sudden.
The orc priest hits you but does no damage.
Unknown command.
You barely miss the orc priest. You peck the orc priest.
The orc priest is almost dead.
The orc priest invokes the aid of Beogh against you.
Beogh smites you!
Ouch! That really hurt!
You die...

.....##.##.................#
.....##.##.#######'#######.##
.....##).#.# #.# #..#
.....###...# #####.##### #..#
...........# #...'.'...# #..#
...........# #.###.###.# #..##
...........# # #.# #.# #...##
...........###{###.###'###....#
...........'..wo@........'....#
...........###'###.###'###....#
.........>.# # #.# #.# #....#
...........# #.###.###.# #....#
.........wo# #...'.'...# #....#
...........# #####.##### #...##
...........# #.# #..##
......o.#######'#######.##
.....)..................


You could see a worm and an orc priest.

Vanquished Creatures
  3 adders
  3 worms (D:2)
  4 orcs (D:3)
  5 endoplasms
  7 goblins
  4 hobgoblins
  4 kobolds
  2 quokkas (D:1)
  5 ball pythons (D:2)
  7 bats
  A frilled lizard (D:2)
  4 rats
49 creatures vanquished.

Vanquished Creatures (others)
  A fungus (D:2)
  2 plants (D:2)
3 creatures vanquished.

Grand Total: 52 creatures vanquished

Notes
Turn   | Place    | Note
-------+----------+-------------------------------------------
     0 | D:1      | xian the Tengu Conjurer began the quest for the Orb.
     0 | D:1      | Reached XP level 1. HP: 10/10 MP: 4/4
   346 | D:1      | Reached XP level 2. HP: 15/15 MP: 0/6
   349 | D:1      | Learned a level 2 spell: Searing Ray
   869 | D:2      | Reached skill level 6 in Conjurations
   869 | D:2      | Reached XP level 3. HP: 19/19 MP: 4/7
  1056 | D:2      | Found a faded altar of an unknown god.
  1680 | D:2      | Reached XP level 4. HP: 24/24 MP: 5/8
  2122 | D:3      | Learned a level 3 spell: Inner Flame
  2417 | D:3      | Killed from afar by an orc priest

Illustrated notes

Levels and vault maps discovered:
D:1:      psy_arrival_fountain, layout_basic
D:2:      layout_basic, shapermc_ecumenical_altar_starsandcircs, serial_forest,
          infiniplex_forest_zigzag_1, infiniplex_forest_clump_curved,
          infiniplex_forest_straight_3, infiniplex_forest_clump_small,
          infiniplex_forest_lined_4_way, minmay_shallow_snake_nest
D:3:      layout_rooms, nicolae_qazlal_style_of_elements, minmay_door_square,
          minmay_misc_feat_doors, uniq_crazy_yiuf_cottage

Skill      XL: |  1  2 |
---------------+-------+-----
Conjurations   | 6 |  6.7
Dodging        | |  2.6
Stealth        | |  2.2
Spellcasting   | |  2.9

Action                   |  1- 3 |  4- 6 || total
-------------------------+-------+-------++-------
Melee: Hand axe          |     3 |    10 ||    13
       Kick              |     1 |     5 ||     6
       Peck              |       |     4 ||     4
 Cast: Magic Dart        |    61 |    23 ||    84
       Searing Ray       |     6 |     2 ||     8
  Use: Scroll            |     5 |       ||     5
       Potion            |       |     1 ||     1
Armor: Robe              |     2 |     2 ||     4
Dodge: Dodged            |    10 |     9 ||    19
